 Dungeon Crawl Stone Soup version 0.32-a0-41-gec2d92a32c (webtiles) character file.

Game seed: 7241075406009083472

5167 CougarLife the Cleaver (level 10, -7/91 HPs)
             Began as a Minotaur Fighter on Jan 26, 2024.
             Was a Believer of Okawaru.
             Killed from afar by a hell hog (23 damage)
             ... with a fireball
             ... on level 1 of the Abyss.
             The game lasted 00:13:40 (9091 turns).

CougarLife the Cleaver (Minotaur Fighter)           Turns: 9091, Time: 00:13:40

Health: -7/91      AC: 13    Str: 29    XL:     10   Next: 34%
Magic:  13/15      EV: 12    Int:  7    God:    Okawaru [**....]
Gold:   140        SH:  6    Dex: 10    Spells: 9/9 levels left

rFire   . . .        H - +3 war axe (drain)
rCold   . . .        c - +0 buckler
rNeg    . . .        I - +0 acid dragon scales
rPois   +            (helmet restricted)
rElec   .            x - +2 cloak {rPois}
rCorr   +            E - +0 pair of gloves
SInv    .            (no boots)
Will    +....        (no amulet)
Stlth   +            i - ring of willpower
HPRegen 0.35/turn    n - +6 ring of strength
MPRegen 0.14/turn

%: no passive effects
@: about to teleport, heroic, glowing
A: horns 2, retaliatory headbutt
a: Renounce Religion, Heroism


You were on level 1 of the Abyss.
You worshipped Okawaru.
Okawaru was pleased with you.
You visited 2 branches of the dungeon, and saw 11 of its levels.
You visited the Abyss 1 time.

You collected 464 gold pieces.
You spent 324 gold pieces at shops.

Inventory:

Hand Weapons
 a - a +4 trident of draining
 H - a +3 war axe of draining (weapon)
Missiles
 j - a javelin
 r - 5 poisoned darts
 u - 3 boomerangs
 C - a throwing net (quivered)
Armour
 c - a +0 buckler (worn)
 x - a +2 cloak of poison resistance (worn)
 E - a +0 pair of gloves (worn)
 I - +0 acid dragon scales (worn)
Jewellery
 i - a ring of willpower (left hand)
 n - a +6 ring of strength (right hand)
 F - a ring of protection from fire
Wands
 t - a wand of iceblast (3)
 A - a wand of light (9)
 D - a wand of mindburst (4)
 O - a wand of paralysis (8)
Scrolls
 e - a scroll of blinking
 g - 4 scrolls of enchant armour
 k - 2 scrolls of teleportation
 m - a scroll of acquirement
 p - 2 scrolls of vulnerability
 s - 4 scrolls of fear
 v - 2 scrolls of amnesia {unknown}
 w - 3 scrolls of poison
 y - 3 scrolls of noise
 z - a scroll of enchant weapon {unknown}
 B - 3 scrolls of immolation {unknown}
 G - 2 scrolls of butterflies {unknown}
 M - a scroll of revelation {unknown}
 N - a scroll of fog {unknown}
Potions
 b - a potion of haste {unknown}
 d - a potion of might
 f - 2 potions of magic
 h - 2 potions of mutation
 l - 3 potions of ambrosia {unknown}
 o - 2 potions of heal wounds {unknown}
 q - 3 potions of lignification
 J - 2 potions of resistance {unknown}
 K - 2 potions of curing {unknown}
 L - a potion of berserk rage {unknown}


   Skills:
 - Level 9.4(14.4) Fighting
 - Level 12.1(17.1) Axes
 - Level 4.0(9.0) Armour
 - Level 4.0(9.0) Shields
 + Level 8.9 Invocations


You had 9 spell levels left.
You didn't know any spells.
Your spell library contained the following spells:

 Spells                   Type           Power      Damage    Failure   Level
 Cigotuvi's Dreadful Rot  Necr/Alch/Air  0%         N/A       67%         2
 Ensorcelled Hibernation  Hex/Ice        0%         N/A       67%         2
 Scorch                   Fire           0%         2d5       67%         2
 Gell's Gravitas          Tloc           0%         N/A       88%         3
 Inner Flame              Hex/Fire       0%         N/A       88%         3
 Passwall                 Erth           0%         N/A       88%         3
 Sigil of Binding         Hex            0%         N/A       88%         3
 Swiftness                Air            0%         N/A       88%         3
 Teleport Other           Tloc           0%         N/A       88%         3
 Volatile Blastmotes      Fire/Tloc      0%         2d10      88%         3
 Dimensional Bullseye     Hex/Tloc       0%         N/A       99%         4
 Flame Wave               Conj/Fire      0%         2d4       99%         4
 Fulminant Prism          Conj/Alch      0%         3d5       99%         4
 Ignite Poison            Fire/Alch      0%         N/A       99%         4
 Iskenderun's Mystic Bla  Conj/Tloc      0%         2d3       99%         4
 Sticky Flame             Fire/Alch      0%         2d4       99%         4
 Vhi's Electric Charge    Tloc/Air       0%         N/A       99%         4
 Arcjolt                  Conj/Air       0%         1d10      100%        5
 Freezing Cloud           Conj/Ice/Air   0%         6-21      100%        5
 Dispersal                Tloc           0%         N/A       100%        6
 Plasma Beam              Fire/Air       0%         2x1d10    100%        6
 Chain Lightning          Conj/Air       0%         N/A       100%        9
 Fire Storm               Conj/Fire      0%         5d1       100%        9
 Shatter                  Erth           0%         3d5*      100%        9
 Call Canine Familiar     Summ           Unusable   N/A       N/A         3
 Summon Cactus Giant      Summ           Unusable   N/A       N/A         6

Dungeon Overview and Level Annotations

Branches:
Dungeon (10/15)            Temple (1/1) D:6            Lair (0/5) D:9
    Orc: D:9-12

Altars:
Ashenzari
Cheibriados
Dithmenos
Fedhas
Gozag
Hepliaklqana
Kikubaaqudgha
Makhleb
Nemelex Xobeh
Okawaru
Qazlal
Ru
Trog
Uskayaw
Vehumet
Wu Jian
Xom
Yredelemnul
Zin
The Shining One

Shops:
D:5 !:*![   D:6 [[:   D:8 ?

Annotations:
D:9 exclusion: obsidian statue
D:10 Sonja


Innate Abilities, Weirdness & Mutations

You have a pair of horns on your head.
You reflexively headbutt those who attack you in melee.


Message History

There is an open door here.
v - 2 scrolls labelled ZUUHUS OBULY (gained 1)
You now have 140 gold pieces (gained 15).
Sonja, the Graceful Assassin comes into view.
She is wielding a +1 dagger of distortion, quivering curare-tipped darts and carrying a wand of paralysis.
Found a bronze wand.
Throw: 3 throwing nets
Press: ? - help, Q - select action, (/) - cycle Shift-Dir - straight line, f - Sonja
Aim: Sonja, wielding a +1 dagger of distortion, quivering curare-tipped darts and carrying a wand of paralysis (2% to hit)
You throw a throwing net. The throwing net barely misses Sonja.
Sonja casts a spell.
Sonja blinks!
Throw: 2 throwing nets
Press: ? - help, Q - select action, (/) - cycle Shift-Dir - straight line, f/p - Sonja
Aim: Sonja, wielding a +1 dagger of distortion, quivering curare-tipped darts and carrying a wand of paralysis (2% to hit)
You throw a throwing net.
The throwing net completely misses Sonja.
Sonja hits you but does no damage.
You are cast into the Abyss!
This branch contains the abyssal rune of Zot.
An ophan comes into view.
A hell hog comes into view.
The hell hog squeals angrily.
You hear an angry squeal. x3
The hell hog breathes fire at you.
The fireball explodes!
The fireball engulfs you!!
The ophan calls forth blessed flames!
Blessed fire suddenly surrounds you!
Okay, then.
You gain the combat prowess of a mighty hero.
The hell hog breathes fire at you.
The fireball explodes!
The fireball engulfs you!!
A hell hog comes into view.
The ophan harnesses the cleansing power of fire!
The bolt of fire hits you!
* * * LOW HITPOINT WARNING * * *
As you read the scroll of teleportation, it crumbles to dust.
You feel strangely unstable.
You feel the power of the Abyss delaying your translocation!
The hell hog breathes fire at you.
The fireball explodes!
The fireball engulfs you!!
You die...

.. ..# #.. ... ##. #...
... #..# ...###.# .....#
#...... .......
....##.#...#
#.#...G....# #..§§###..#
#.... .....#.#@§..#.##
.....
.......§#h.....##.## #
..#...####...#....#..# #
...h# #.####..##.. .#
.#..#..###..##....#....#
.... #.....#. ##...##.
### #.... #.. ##....#...
#..##...#....#. .# ##
#.. #..##.#.# ### .#.


You could see an ophan and 2 hell hogs.

Vanquished Creatures
  A manticore (D:6)
  Maggie (D:7)
  Jeremiah (D:7)
  A troll (D:9)
  A hornet (D:8)
  A wyvern (D:9)
  A vampire (D:10)
  A steam dragon (D:8)
  Edmund (D:6)
  An acid dragon (D:9)
  A water moccasin (D:7)
  An orc warrior (D:9)
  2 ice beasts
  A black bear (D:6)
  2 ogres
  A sky beast (D:7)
  3 centaurs
  2 wolves (D:9)
  A phantom (D:4)
  Blork the orc (D:6)
  A gnoll sergeant (D:5)
  3 bullfrogs
  4 scorpions
  5 wights
  An electric eel (D:9)
  A bombardier beetle (D:6)
  5 hounds
  A jelly (D:4)
  Crazy Yiuf (D:6)
  9 orc priests
  A gnoll bouda (D:4)
  3 sleepcaps
  2 iguanas
  10 orc wizards
  3 adders
  11 gnolls
  6 ufetubi
  4 dart slugs
  3 ribbon worms
  26 orcs
  3 ball pythons
  2 bats
  An endoplasm (D:4)
  2 giant cockroaches
  5 goblins
  7 hobgoblins
  5 jackals
  4 quokkas
  4 frilled lizards
  6 kobolds
  5 rats
169 creatures vanquished.

Vanquished Creatures (others)
  An arcanist (D:9)
1 creature vanquished.

Grand Total: 170 creatures vanquished

Notes
Turn   | Place    | Note
-------+----------+-------------------------------------------
     0 | D:1      | CougarLife the Minotaur Fighter began the quest for the
                  | Orb.
     0 | D:1      | Reached XP level 1. HP: 19/19 MP: 0/0
   186 | D:1      | Reached XP level 2. HP: 26/26 MP: 1/1
   221 | D:1      | Found a faded altar of an unknown god.
   544 | D:2      | Found an opulent altar of Gozag.
   700 | D:2      | Reached skill level 3 in Axes
   700 | D:2      | Reached XP level 3. HP: 31/33 MP: 2/2
   941 | D:3      | Found a hide-covered altar of Uskayaw.
   941 | D:3      | Noticed a +0 short sword
   941 | D:3      | Noticed an ice beast
   941 | D:3      | Noticed a +0 falchion
   941 | D:3      | Noticed a +0 spear
   951 | D:3      | Killed an ice beast
   952 | D:3      | Reached skill level 5 in Fighting
   952 | D:3      | Reached skill level 4 in Axes
   952 | D:3      | Reached XP level 4. HP: 42/42 MP: 3/3
   952 | D:3      | Reached XP level 5. HP: 48/48 MP: 4/4
   960 | D:3      | Noticed a +0 falchion
   962 | D:3      | Noticed a +0 short sword
   962 | D:3      | Noticed a +0 dagger
   963 | D:3      | Noticed a +0 spear
   963 | D:3      | Noticed a +0 dagger
  1024 | D:3      | Reached skill level 5 in Axes
  1670 | D:3      | Reached skill level 6 in Axes
  1670 | D:3      | Reached XP level 6. HP: 56/56 MP: 5/5
  1886 | D:4      | Reached skill level 7 in Axes
  1898 | D:4      | Reached XP level 7. HP: 36/63 MP: 6/6
  2047 | D:4      | HP: 3/63 [gnoll/+0 spear[a gnoll bouda] (5)]
  2805 | D:4      | Reached skill level 8 in Axes
  2919 | D:5      | Entered Level 5 of the Dungeon
  3019 | D:4      | Reached skill level 9 in Axes
  3166 | D:5      | Reached XP level 8. HP: 49/73 MP: 7/7
  3348 | D:5      | Found a shadowy altar of Dithmenos.
  3389 | D:5      | Reached skill level 10 in Axes
  3415 | D:5      | Found Zawurghau's General Store.
  3424 | D:5      | Found Beappuqa's Distillery.
  3429 | D:5      | Bought a scroll of teleportation for 39 gold pieces
  3486 | D:5      | Identified a scroll of acquirement
  3502 | D:5      | Found Dahox's Distillery.
  3876 | D:5      | Found Mofemog's Armour Boutique.
  4007 | D:5      | Found Bydeplom's Book Shoppe.
  4233 | D:6      | Reached skill level 11 in Axes
  4356 | D:6      | Found a runed translucent door.
  4357 | D:6      | Noticed Crazy Yiuf
  4373 | D:6      | Found Fape's Antique Armour Emporium.
  4376 | D:6      | Noticed a manticore
  4383 | D:6      | Killed a manticore
  4384 | D:6      | Reached XP level 9. HP: 32/83 MP: 8/8
  4657 | D:6      | Noticed Blork the orc
  4663 | D:6      | Killed Blork the orc
  4709 | D:6      | Found Kiopniff's Antique Armour Shop.
  4732 | D:6      | Bought a runed cloak for 195 gold pieces
  4764 | D:6      | Reached skill level 12 in Axes
  4800 | D:6      | Found a staircase to the Ecumenical Temple.
  4810 | Temple   | Entered the Ecumenical Temple
  4824 | Temple   | Became a worshipper of Warmaster Okawaru
  4972 | D:6      | Noticed Edmund
  4985 | D:6      | Killed Edmund
  5533 | D:6      | Found Jietzit's Book Emporium.
  5586 | D:6      | Killed Crazy Yiuf
  5687 | D:7      | Reached skill level 1 in Invocations
  5860 | D:7      | Noticed Maggie
  5873 | D:7      | Killed Maggie
  6163 | D:7      | Reached * piety under Okawaru
  6164 | D:7      | Reached skill level 5 in Invocations
  6612 | D:7      | Noticed Jeremiah
  6621 | D:7      | Killed Jeremiah
  6874 | D:8      | Found a snail-covered altar of Cheibriados.
  6875 | D:8      | Found a basalt altar of Yredelemnul.
  6905 | D:8      | Found Upaogib's Magic Scroll Emporium.
  6910 | D:8      | Bought a scroll of identify for 30 gold pieces
  6910 | D:8      | Bought a scroll of identify for 30 gold pieces
  6910 | D:8      | Bought a scroll of identify for 30 gold pieces
  7113 | D:8      | Reached XP level 10. HP: 58/91 MP: 14/14
  7812 | D:9      | Found a radiant altar of Vehumet.
  7874 | D:9      | Reached ** piety under Okawaru
  8119 | D:9      | Found a staircase to the Lair.
  8304 | D:9      | Noticed an obsidian statue
  8374 | D:9      | Found an ornate altar of the Wu Jian Council.
  8622 | D:9      | Found a bloodstained altar of Trog.
  8623 | D:9      | Noticed a wizard
  8628 | D:9      | Killed a wizard
  8712 | D:10     | Entered Level 10 of the Dungeon
  9057 | D:10     | Noticed Sonja
  9059 | Abyss:1  | Cast into level 1 of the Abyss (Sonja)
  9085 | Abyss:1  | Noticed an ophan
  9088 | Abyss:1  | Noticed a hell hog
  9090 | Abyss:1  | Noticed a hell hog
  9091 | Abyss:1  | Killed from afar by a hell hog

Illustrated notes

Levels and vault maps discovered:
D:1:      lightli_iron_boxes, layout_basic, shapermc_ecumenical_altar_acropolis
D:2:      layout_basic, basic_altar
D:3:      layout_loops_ring, nicolae_uskayaw_en_pointe, serial_aquarium,
          aquarium_bridge_island_large [aquarium_subvault_large_open,
          aquarium_subvault_wall, aquarium_subvault_bridge,
          aquarium_subvault_bridge, aquarium_subvault_bridge],
          aquarium_bridge_square [aquarium_subvault_bridge,
          aquarium_subvault_bridge, aquarium_subvault_window,
          aquarium_subvault_bridge], aquarium_window_corner, aquarium_window_1,
          aquarium_window_1, aquarium_window_3, aquarium_view_2e,
          aquarium_view_2c, aquarium_balcony_3b
D:4:      layout_loops_ring, hangedman_feature_mirror
D:5:      layout_cave_pools, nicolae_dithmenos_shadow_blocks, serial_shops,
          nicolae_shop_pleasant_corner_grove, nicolae_shop_back_alley_shop,
          shop, nicolae_shop_peninsula, nicolae_shop_waterfront
D:6:      layout_layer_cave, temple_green, serial_shops, kennysheep_mini_moat,
          nicolae_shop_pleasant_corner_grove, nicolae_shop_tiny_statue_garden,
          uniq_crazy_yiuf_cottage, uniq_blork_the_orc, uniq_edmund
D:7:      layout_basic, uniq_maggie, uniq_jeremiah
D:8:      layout_loops_ring, chequers_temple_overflow_statue_of_worship,
          serial_shops, shop, grunt_decor_fettered
D:9:      layout_irregular_city, nicolae_wu_jian_glorious_leap,
          nicolae_vehumet_altar_sigil, trog_wizard, erik_lair_orcish_takeover,
          nicolae_lava_and_water, nicolae_eternal_life, minmay_protected_statue
D:10:     layout_stronghold, lemuel_tele_altar, mainiacjoe_overflow_brackets,
          uniq_sonja
Temple:   compressed_dpeg_triangle_lava_temple
Abyss:1:  base:
D:2

Skill      XL: |  1  2  3  4  5  6  7  8  9 10 |
---------------+-------------------------------+-----
Shields        | 4 |  4.0
Armour         | 4 |  4.0
Fighting       | 4 5 6 7 9 |  9.4
Axes           | 3 4 6 7 9 11 12 | 12.1
Invocations    | 7 8 |  8.9

Action                     |  1- 3 |  4- 6 |  7- 9 | 10-12 || total
---------------------------+-------+-------+-------+-------++-------
  Melee: War axe           |    55 |    83 |   268 |    53 ||   459
         Headbutt          |     7 |    14 |    38 |    10 ||    69
  Throw: Dart              |       |       |     3 |       ||     3
         Javelin           |       |       |     2 |       ||     2
         Throwing net      |       |       |     1 |     2 ||     3
 Invoke: Heroism           |       |       |     1 |     2 ||     3
  Evoke: Wand              |       |       |     4 |       ||     4
    Use: Scroll            |       |       |    12 |     1 ||    13
         Potion            |       |       |       |     1 ||     1
 Armour: Scale mail        |    49 |    49 |   191 |       ||   289
         Acid dragon scale |       |       |    34 |    81 ||   115
  Dodge: Dodged            |    27 |    34 |   120 |    24 ||   205
  Block: Buckler           |    19 |    13 |    68 |     7 ||   107

Table legend: (Time is in decaauts)
 A = Elapsed time spent in this place.
 B = Non-inter-level travel time spent in this place.
 C = Inter-level travel time spent in this place.
 D = Time resting spent in this place.
 E = Time spent auto-exploring this place.
 F = Levels seen in this place.
 G = Mean time per level.
                   A        B        C        D        E       F      G
               +--------+--------+--------+--------+--------+-----+--------+
         Total |   9144 |   8822 |    322 |   1462 |   5987 |  12 |  762.0 |
       Dungeon |   9089 |   8775 |    314 |   1462 |   5987 |  10 |  908.9 |
        Temple |     23 |     15 |      8 |      0 |      0 |   1 |   23.0 |
         Abyss |     31 |     31 |      0 |      0 |      0 |   1 |   31.0 |
               +--------+--------+--------+--------+--------+-----+--------+

Top non-repeatable levels by time:
     D:6: 1569 daAuts
     D:4: 1436 daAuts
     D:9: 1311 daAuts
     D:7: 1026 daAuts
     D:5: 1017 daAuts
     D:3: 850 daAuts
     D:8: 649 daAuts
     D:2: 495 daAuts
     D:1: 393 daAuts
    D:10: 340 daAuts
 Abyss:1: 31 daAuts
  Temple: 23 daAuts
